 Dungeon Crawl Stone Soup version 0.27-a0-1065-ge809cff456 (webtiles) character file.

Game seed: 1418963052473363037

251 voltaire321 the Insei (level 5, 0/44 HPs)
             Began as a Draconian Transmuter on Apr 24, 2021.
             Succumbed to a killer bee's poison
             ... on level 3 of the Dungeon.
             The game lasted 00:05:41 (2896 turns).

voltaire321 the Insei (Draconian Transmuter)        Turns: 2896, Time: 00:05:41

Health: 0/44       AC:  6    Str: 10    XL:     5   Next: 88%
Magic:  8/9        EV: 12    Int: 13    God:
Gold:   116        SH:  0    Dex: 13    Spells: 4/10 levels left

rFire    . . .     SeeInvis +   i - +2 dagger (venom)
rCold    . . .     Faith    .   (no shield)
rNeg     . . .     Spirit   .   (armour unavailable)
rPois    .         Reflect  .   (helmet currently unavailable)
rElec    .         Harm     .   (no cloak)
rCorr    .         Rampage  .   c - +0 pair of gloves
Will     .....                  (boots currently unavailable)
Stlth    +.........             (no amulet)
HPRegen  0.14/turn              (no ring)
MPRegen  0.11/turn              (no ring)

@: lethally poisoned (0 -> -3), appendages (expiring)
A: horns 2, talons 2, AC +5, unfitting armour, cold-blooded, see invisible, weak
1
a: End Transformation


You were on level 3 of the Dungeon.
You had temporarily grown beastly horns and talons.
You visited 1 branch of the dungeon, and saw 3 of its levels.

You collected 116 gold pieces.

Inventory:

Hand Weapons
 i - a +2 dagger of venom (weapon)
Missiles
 h - 3 curare-tipped darts
Armour
 c - a +0 pair of gloves (worn)
Scrolls
 a - 2 scrolls of teleportation {unknown}
 b - a scroll of identify {unknown}
 d - a scroll of silence {unknown}
 e - a scroll of blinking {unknown}
 g - a scroll of fear {unknown}
Potions
 f - a potion of mutation


   Skills:
 + Level 2.9 Fighting
 + Level 2.9 Dodging
 + Level 4.0 Unarmed Combat
 + Level 3.0 Spellcasting
 + Level 3.2 Transmutations


You had 4 spell levels left.
You knew the following spells:

 Your Spells              Type           Power      Damage    Failure   Level
a - Beastly Appendage     Tmut           20%        N/A       6%          1
b - Wereblood             Tmut           10%        N/A       9%          2
c - Spider Form           Tmut/Pois      3%         N/A       34%         3

Your spell library contained the following spells:

 Spells                   Type           Power      Damage    Failure   Level
 Ice Form                 Ice/Tmut       6%         N/A       75%         4
 Hydra Form               Tmut           5%         N/A       86%         5


Dungeon Overview and Level Annotations

Branches:
Dungeon (3/15)

Altars:


Innate Abilities, Weirdness & Mutations

You have temporarily grown beastly horns and talons.
Your plain brown scales are hard. (AC +5)
You cannot fit into any form of body armour.
You are cold-blooded and may be slowed by cold attacks.
You have supernaturally acute eyesight. (SInv)
You are weak. (Str -2)


Message History

You kill the killer bee! x2
The killer bee stings you.
You are more poisoned.
The killer bee poisons you!
Your Transmutations skill increases to level 3!
You have reached level 5!
You miss the killer bee. Your kick misses the killer bee.
You feel sick. The killer bee closely misses you.
The killer bee completely misses you.
You closely miss the killer bee.
You feel sick.
The killer bee stings you but does no damage.
The killer bee stings you.
* * * LOW HITPOINT WARNING * * *
It was a potion of mutation.
You feel extremely strange.
You feel weaker.
Your vision sharpens.
* * * LOW HITPOINT WARNING * * *
You feel sick. The killer bee barely misses you.
The killer bee closely misses you.
You hit the killer bee but do no damage.
The killer bee is poisoned.
* * * LOW HITPOINT WARNING * * *
You feel sick. The killer bee barely misses you.
The killer bee closely misses you.
You hit the killer bee but do no damage.
The killer bee looks as sick as possible!
Your headbutt misses the killer bee.
The killer bee is lightly wounded.
* * * LOW HITPOINT WARNING * * *
You feel sick.
The killer bee stings you but does no damage.
The killer bee barely misses you.
You closely miss the killer bee. You tail-slap the killer bee.
The killer bee is almost dead.
* * * LOW HITPOINT WARNING * * *
You feel sick.
You kill the killer bee!
Your Unarmed Combat skill increases to level 4!
Your Spellcasting skill increases to level 3!
You hit the hobgoblin.
The hobgoblin is poisoned.
You headbutt the hobgoblin.
You kill the hobgoblin!
You die...

# # #############
#............ .
##........### ...
#####...###.#...#
.....###.....#.#
#.###..
.......@.#####.# #.#
#..
......#######..###.#
#.. .....
#........)..###.#
....
#.#########.#...#
... #...##. .#
#..###. #..# #. #..#
## #.## #


There were no monsters in sight!

Vanquished Creatures
  3 killer bees (D:3)
  Terence (D:3)
  5 gnolls (D:3)
  2 adders (D:2)
  2 orcs (D:3)
  A giant cockroach (D:1)
  6 goblins
  4 hobgoblins
  5 jackals
  4 kobolds
  3 ball pythons
  2 bats (D:1)
  2 frilled lizards
  4 rats
44 creatures vanquished.

Notes
Turn   | Place    | Note
-------+----------+-------------------------------------------
     0 | D:1      | voltaire321 the Draconian Transmuter began the quest for
                  | the Orb.
     0 | D:1      | Reached XP level 1. HP: 16/16 MP: 3/3
   385 | D:1      | Reached XP level 2. HP: 21/23 MP: 3/5
   419 | D:1      | Learned a level 2 spell: Wereblood
   672 | D:1      | Found a faded altar of an unknown god.
  1349 | D:2      | Reached XP level 3. HP: 18/29 MP: 3/6
  2309 | D:3      | Learned a level 3 spell: Spider Form
  2595 | D:3      | Noticed Terence
  2604 | D:3      | Killed Terence
  2605 | D:3      | Reached XP level 4. HP: 36/36 MP: 5/7
  2890 | D:3      | Reached XP level 5. HP: 15/44 MP: 7/9
  2892 | D:3      | Gained mutation: You are weak. (Str -2) [potion of
                  | mutation]
  2892 | D:3      | Gained mutation: You have supernaturally acute eyesight.
                  | (SInv) [potion of mutation]
  2893 | D:3      | HP: 2/44 [poisoned by a killer bee]
  2896 | D:3      | Reached skill level 4 in Unarmed Combat
  2896 | D:3      | Succumbed to a killer bee's poison

Illustrated notes

Levels and vault maps discovered:
D:1:      lightli_arrival_isolated_outpost, layout_basic,
          chequers_ecumenical_altar_simple, minmay_misc_feat_secret_circle,
          grunt_decor_junction
D:2:      layout_loops_ring, wander_ebering_terrifying_dragon_lair
D:3:      layout_rooms, lemuel_tele_altar, nicolae_hepliaklqana_hippocampus,
          uniq_crazy_yiuf_cottage, uniq_terence

Skill      XL: |  1  2  3  4  5 |
---------------+----------------+-----
Dodging        | 2 |  2.9
Fighting       | 2 |  2.9
Transmutations | 3 |  3.2
Unarmed Combat | 4 |  4.0
Spellcasting   | 3 |  3.0

Action                   |  1- 3 |  4- 6 || total
-------------------------+-------+-------++-------
Melee: Unarmed           |    86 |       ||    86
       Kick              |    15 |     7 ||    22
       Headbutt          |    11 |     6 ||    17
       Tailslap          |     9 |     3 ||    12
       Dagger            |    12 |    31 ||    43
       Punch             |       |     2 ||     2
 Cast: Beastly Appendage |    22 |     2 ||    24
  Use: Potion            |       |     1 ||     1
 Stab: Sleeping          |     2 |       ||     2
Armor: Skin              |    23 |     3 ||    26
Dodge: Dodged            |    55 |    23 ||    78

Table legend: (Time is in decaauts)
 A = Elapsed time spent in this place.
 B = Non-inter-level travel time spent in this place.
 C = Inter-level travel time spent in this place.
 D = Time resting spent in this place.
 E = Time spent auto-exploring this place.
 F = Levels seen in this place.
 G = Mean time per level.
                   A        B        C        D        E       F      G
               +--------+--------+--------+--------+--------+-----+--------+
         Total |   2894 |   2651 |    243 |    636 |   1602 |   3 |  964.7 |
       Dungeon |   2894 |   2651 |    243 |    636 |   1602 |   3 |  964.7 |
               +--------+--------+--------+--------+--------+-----+--------+

Top non-repeatable levels by time:
     D:2: 1285 daAuts
     D:1: 1121 daAuts
     D:3: 487 daAuts
